 Dungeon Crawl Stone Soup version 0.29-a0-668-g12ee2bf84d (webtiles) character file.

Game seed: 15747388333009786753

202 Newt the Skirmisher (level 5, 0/42 HPs)
             Began as a Demonspawn Abyssal Knight on June 23, 2022.
             Was a Priest of Lugonu.
             Slain by an ogre
             ... wielding a +0 giant club
              (29 damage)
             ... on level 4 of the Dungeon.
             The game lasted 00:08:19 (3345 turns).

Newt the Skirmisher (Demonspawn Abyssal Knight)     Turns: 3345, Time: 00:08:20

Health: 0/42       AC:  3    Str: 16    XL:     5   Next: 50%
Magic:  7/7        EV: 11    Int: 15    God:    Lugonu [***...]
Gold:   160        SH:  0    Dex: 19    Spells: 7/7 levels left

rFire   + . .      SeeInvis .   a - +1 spear
rCold   . . .      Faith    .   m - orb {mayhem}
rNeg    . . .      Spirit   .   b - +0 leather armour
rPois   .          Reflect  .   (no helmet)
rElec   .          Harm     .   (no cloak)
rCorr   .          Rampage  .   (no gloves)
Will    .....                   (no boots)
Stlth   +.........              (no amulet)
HPRegen 0.14/turn               g - +6 ring of dexterity
MPRegen 0.10/turn               d - ring of protection from fire

@: about to teleport
A: big brain 2
a: Renounce Religion, Depart the Abyss, Bend Space, Banish


You were on level 4 of the Dungeon.
You worshipped Lugonu.
Lugonu was most pleased with you.
You visited 1 branch of the dungeon, and saw 4 of its levels.
You visited the Abyss 1 time.

You collected 160 gold pieces.

Inventory:

Hand Weapons
 a - a +1 spear (weapon)
 r - a +0 lajatang
 y - a +0 halberd
Missiles
 h - 6 poisoned darts
Armour
 b - a +0 leather armour (worn)
 m - an orb of mayhem (worn)
Jewellery
 d - a ring of protection from fire (right hand)
 g - a +6 ring of dexterity (left hand)
 k - a ring of ice
Wands
 o - a wand of mindburst (8)
Scrolls
 c - 2 scrolls of identify
 l - a scroll of enchant armour {unknown}
 t - a scroll of immolation {unknown}
 u - a scroll of vulnerability {unknown}
 w - a scroll of blinking {unknown}
Potions
 e - a potion of resistance {unknown}
 i - a potion of berserk rage {unknown}
 n - a potion of might
 p - a potion of degeneration {unknown}
 q - a potion of attraction {unknown}
 s - a potion of heal wounds {unknown}
 v - a potion of mutation {unknown}
 x - 2 potions of flight {unknown}


   Skills:
 + Level 4.1 Fighting
 + Level 3.4 Polearms
 + Level 2.2 Armour
 - Level 1.0 Dodging
 * Level 1.5 Spellcasting
 * Level 3.2 Invocations


You had 7 spell levels left.
You didn't know any spells.
Your spell library was empty.

Dungeon Overview and Level Annotations

Branches:
Dungeon (4/15)             Temple (0/1) D:4

Altars:
Okawaru
Trog
Uskayaw
The Shining One


Innate Abilities, Weirdness & Mutations

You have an extremely huge brain. (Int +4)


Message History

No target in view!
You see here a +0 club.
Found a stone staircase leading up.
There is a stone staircase leading down here.
Found a bloodstained altar of Trog.
Found 13 gold pieces.
There is a stone staircase leading up here.
Found a glowing golden altar of the Shining One.
Found a glowing coppery potion and a scroll of identify.
Found a hide-covered altar of Uskayaw.
As you read the scroll labelled UNTYMO UDGHU, it crumbles to dust.
You feel aware of your surroundings.
It was a scroll of magic mapping.
Sorry, I don't know how to get there.
There is a stone staircase leading up here.
There is a stone staircase leading down here.
There is a stone staircase leading down here.
You climb downwards.
Found a scroll of identify.
There is a stone staircase leading up here.
c - 2 scrolls of identify (gained 1)
A giant cockroach comes into view.
The giant cockroach bites you but does no damage.
You barely miss the giant cockroach. The giant cockroach bites you.
You hit the giant cockroach.
The giant cockroach is severely wounded.
The giant cockroach bites you but does no damage.
You hit the giant cockroach.
You kill the giant cockroach!
Lugonu accepts your kill.
Found 10 gold pieces.
An ogre comes into view. It is wielding a +0 giant club.
The ogre shouts!
The ogre moves out of view.
Found a staircase to the Ecumenical Temple.
The ogre hits you with a +0 giant club!
As you read the scroll of teleportation, it crumbles to dust.
You feel strangely unstable.
The ogre hits you with a +0 giant club!!
Ouch! That really hurt!
You die...

...............#
###.......####.# #
###...###
##.#.#.### #..<#
##.........
###.#####..#.......
..........#.....##
###.###..#.#.#.....
#....O..###....##
#...@#...# . #..#
#..$..#.....# ...
#..#####.>.## #.
#.. ....# #..
.#...# .... ###...
###. #. ##


You could see an ogre.

Vanquished Creatures
  An ice beast (D:3)
  2 gnolls (D:3)
  An adder (D:2)
  A worm (D:2)
  4 dart slugs
  7 bats
  6 endoplasms
  5 giant cockroaches
  7 goblins
  4 hobgoblins
  4 jackals (D:1)
  A quokka (D:1)
  3 ball pythons
  3 frilled lizards
  8 kobolds
  5 rats (D:1)
62 creatures vanquished.

Vanquished Creatures (collateral kills)
  A gnoll (D:3)
1 creature vanquished.

Grand Total: 63 creatures vanquished

Notes
Turn   | Place    | Note
-------+----------+-------------------------------------------
     0 | Abyss:1  | Newt the Demonspawn Abyssal Knight began the quest for the
                  | Orb.
     0 | Abyss:1  | Reached XP level 1. HP: 18/18 MP: 2/2
    45 | Abyss:1  | Noticed a ynoxinul
    46 | D:1      | Escaped the Abyss
   263 | D:1      | Reached ** piety under Lugonu
   264 | D:1      | Gained mutation: You have an unusually large brain. (Int
                  | +2) [demonic ancestry]
   264 | D:1      | Reached XP level 2. HP: 21/24 MP: 3/3
   633 | D:1      | Reached skill level 1 in Dodging
   714 | D:1      | Reached XP level 3. HP: 24/30 MP: 5/5
  1269 | D:2      | Found a faded altar of an unknown god.
  1525 | D:2      | Found an iron altar of Okawaru.
  2127 | D:2      | Gained mutation: You have an extremely huge brain. (Int +4)
                  | [demonic ancestry]
  2127 | D:2      | Reached XP level 4. HP: 23/37 MP: 6/6
  2320 | D:3      | Noticed an ice beast
  2344 | D:3      | Reached skill level 1 in Spellcasting
  2558 | D:3      | Reached skill level 4 in Fighting
  2605 | D:3      | Killed an ice beast
  2606 | D:3      | Reached XP level 5. HP: 4/42 MP: 7/7
  3243 | D:3      | Reached *** piety under Lugonu
  3290 | D:3      | Found a bloodstained altar of Trog.
  3294 | D:3      | Found a hide-covered altar of Uskayaw.
  3341 | D:4      | Noticed an ogre
  3342 | D:4      | Found a staircase to the Ecumenical Temple.
  3345 | D:4      | Slain by an ogre

Illustrated notes

Levels and vault maps discovered:
D:1:      lemuel_arrival_room, layout_basic
D:2:      layout_loops_ring, ebering_ecumenical_altar_mist, basic_altar
D:3:      layout_rooms, nicolae_overflow_hidden_temple, serial_glass,
          glass_columns_b, glass_columns_b, glass_columns_c, glass_columns_b,
          glass_columns_c, glass_columns_c, glass_columns_b, glass_columns_b,
          glass_columns_b, glass_columns_a, minivault_14
D:4:      layout_loops_ring, minmay_temple_entry_arrows

Skill      XL: |  1  2  3  4 |
---------------+-------------+-----
Polearms       | 2 3 |  3.4
Dodging        | 1 |  1.0
Armour         | 2 |  2.2
Spellcasting   | 1 |  1.5
Fighting       | 4 |  4.1
Invocations    | 3 |  3.2

Action                   |  1- 3 |  4- 6 || total
-------------------------+-------+-------++-------
Melee: Spear             |   170 |    74 ||   244
       Punch             |     1 |       ||     1
Invok: Depart the Abyss  |     1 |       ||     1
Evoke: Wand              |       |     3 ||     3
  Use: Scroll            |       |     5 ||     5
 Stab: Sleeping          |     5 |       ||     5
       Distracted        |       |     1 ||     1
Armor: Leather armour    |    36 |    17 ||    53
Dodge: Dodged            |    73 |    27 ||   100

Table legend: (Time is in decaauts)
 A = Elapsed time spent in this place.
 B = Non-inter-level travel time spent in this place.
 C = Inter-level travel time spent in this place.
 D = Time resting spent in this place.
 E = Time spent auto-exploring this place.
 F = Levels seen in this place.
 G = Mean time per level.
                   A        B        C        D        E       F      G
               +--------+--------+--------+--------+--------+-----+--------+
         Total |   3343 |   3283 |     60 |    938 |   1606 |   5 |  668.6 |
       Dungeon |   3297 |   3237 |     60 |    938 |   1561 |   4 |  824.2 |
         Abyss |     46 |     46 |      0 |      0 |     45 |   1 |   46.0 |
               +--------+--------+--------+--------+--------+-----+--------+

Top non-repeatable levels by time:
     D:1: 1161 daAuts
     D:3: 1159 daAuts
     D:2: 950 daAuts
 Abyss:1: 46 daAuts
     D:4: 26 daAuts
